 Dungeon Crawl Stone Soup version 0.18.1-1-g2f07953 (webtiles) character file.

3350 imganon the Cleaver (level 9, -4/63 HPs)
             Began as a Demonspawn Berserker on May 6, 2016.
             Was an Elder of Trog.
             Slain by a spatial maelstrom (7 damage)
             ... on level 1 of the Abyss.
             The game lasted 00:14:01 (6573 turns).

imganon the Cleaver (Demonspawn Berserker)          Turns: 6573, Time: 00:14:02

Health: -4/63      AC: 13    Str: 25    XL:     9   Next: 72%
Magic:  9/9        EV:  7    Int:  8    God:    Trog [****..]
Gold:   578        SH:  3    Dex: 12    Spells: 0 memorised, 8 levels left

rFire  . . .     SeeInvis +     I - +1 battleaxe
rCold  . . .     Gourm    .     O - +0 plate armour
rNeg   . . .     Faith    .     (shield currently unavailable)
rPois  .         Spirit   .     m - +0 hat
rElec  .         Dismiss  .     (no cloak)
rCorr  .         Reflect  +     h - +0 pair of gloves
SustAt .         Harm     .     (no boots)
MR     .....                    u - +3 amulet of reflection
Stlth  ..........               P - +3 ring of strength
                                j - ring of see invisible

@: about to teleport, not resistant to hostile enchantments, extremely
unstealthy
A: antennae 1, thin metallic scales 1, powered by death 1
a: Berserk, Trog's Hand, Brothers in Arms, Burn Spellbooks, Renounce Religion


You were on level 1 of the Abyss.
You worshipped Trog.
Trog was greatly pleased with you.
You were not hungry.

You visited 1 branch of the dungeon, and saw 8 of its levels.
You visited the Abyss 1 time.

You collected 578 gold pieces.

Inventory:

Hand Weapons
 a - a +0 hand axe
 r - a -2 war axe
 F - a +1 flail of protection
 I - a +1 battleaxe (weapon)
 J - a +0 war axe
Armour
 f - a +0 ring mail
 h - a +0 pair of gloves (worn)
 m - a +0 hat (worn)
 D - a +0 chain mail
 O - a +0 plate armour (worn)
Jewellery
 j - a ring of see invisible (left hand)
 u - a +3 amulet of reflection (around neck)
 y - an uncursed ring of protection from magic
 A - a +4 ring of evasion
 B - an uncursed ring of protection from magic
 P - a +3 ring of strength (right hand)
Wands
 E - a wand of iceblast (6/15)
Scrolls
 c - a scroll of recharging
 e - 3 scrolls of fear
 g - 5 scrolls of identify
 k - a scroll of blinking {unknown}
 n - a scroll of random uselessness {unknown}
 q - 2 scrolls of fog
 t - a scroll of teleportation
 v - a scroll of noise {unknown}
 K - a scroll of vulnerability {unknown}
 L - 2 scrolls of amnesia {unknown}
 N - a scroll of enchant armour {unknown}
Potions
 b - 2 potions of curing
 i - a potion of mutation {unknown}
 o - 2 potions of flight {unknown}
 p - 2 potions of berserk rage {unknown}
 s - a potion of degeneration {unknown}
 C - 2 potions of cure mutation {unknown}
 G - a potion of lignification {unknown}
 H - a potion of haste {unknown}
Books
 x - a Fen Folio

   Spells                             Type                      Level
   a - Corpse Rot                     Necromancy                   2
   b - Stone Arrow                    Conjuration/Earth            3
   c - Leda's Liquefaction            Hexes/Earth                  4
   d - Summon Forest                  Summoning/Translocation      5
   e - Hydra Form                     Transmutation                6
   f - Summon Hydra                   Summoning                    7
   Trog disapproves of the use of such an item.
 z - a book of Maledictions

   Spells                             Type                      Level
   a - Corona                         Hexes                        1
   b - Ensorcelled Hibernation        Hexes/Ice                    2
   c - Confuse                        Hexes                        3
   d - Tukima's Dance                 Hexes                        3
   e - Dazzling Spray                 Conjuration/Hexes            3
   Trog disapproves of the use of such an item.
Comestibles
 d - 2 fruits
 l - 2 bread rations
 w - a meat ration
 M - a beef jerky


   Skills:
 - Level 3.0 Fighting
 + Level 11.9 Axes
 - Level 1.7 Armour
 - Level 1.7 Dodging
 + Level 4.7 Stealth


You had 8 spell levels left.
You didn't know any spells.

Dungeon Overview and Level Annotations

Branches:
Dungeon (8/15)             Temple (0/1) D:4
   Lair: D:8-11

Altars:
Ashenzari
Dithmenos

Shops:
D:6 }

Annotations:
D:8 Psyche


Innate Abilities, Weirdness & Mutations

You have a pair of small antennae on your head.
You are partially covered in thin metallic scales (AC +2).
You regenerate a little health from kills.


Message History

A spatial vortex comes into view.
Read which item? (? for menu, Esc to quit)
You can't read that!
Read which item? (? for menu, Esc to quit)
As you read the scroll of teleportation, it crumbles to dust.
You feel strangely unstable.
You feel the power of the Abyss delaying your translocation!
The spatial maelstrom hits you but does no damage.
The spatial maelstrom hits you!
You blink.
A spatial vortex comes into view.
The spatial vortex moves out of view.
The spatial maelstrom hits you! Space warps horribly around you!
* * * LOW HITPOINT WARNING * * *
The spatial maelstrom completely misses you.
Drink which item? (? for menu, Esc to quit)
Okay, then.
Read which item? (? for menu, Esc to quit)
Okay, then.
The spatial maelstrom hits you!
You die...

##### # ... .#. .#.≈
#.## ##.###.... . ≈
#.#..# #.@.§.# .
#.#..#..##.v..### #.
. # .........#...#
#...#..####......##.#
#.#.#..##.#.....#.§ #
. # ..#......#..#§.#
. ##§.#.##........###
###...#.#.##.##v.##.#
#! v.# #..#...#...# #


You could see a spatial maelstrom and a spatial vortex.

Vanquished Creatures
  Erica (D:8)
  Pikel (D:5)
  Grinder (D:4)
  A hippogriff (D:7)
  Edmund (D:5)
  2 orc warriors (D:7)
  A black bear (D:6)
  A slave (D:5)
  An ogre (D:7)
  2 phantoms
  A centaur (D:7)
  A big kobold (D:7)
  2 giant frogs
  A scorpion (D:7)
  3 wights (D:6)
  A howler monkey (D:6)
  2 crimson imps
  A giant frog zombie (D:7)
  A jelly (D:7)
  2 orc priests
  A centaur skeleton (D:5)
  6 orc wizards
  An iguana (D:7)
  Natasha (twice) (D:4)
  2 worker ants (D:5)
  A worker ant zombie (D:7)
  6 gnolls
  9 adders
  A shadow imp (D:6)
  5 oozes
  An adder skeleton (D:4)
  2 adder zombies (D:7)
  4 worms
  3 giant geckos
  30 orcs
  3 ball pythons
  6 bats
  6 giant cockroaches
  7 goblins
  6 hobgoblins
  2 jackals (D:2)
  12 kobolds
  2 quokkas (D:2)
  A giant gecko skeleton (D:4)
  3 giant newts
  A quokka zombie (D:7)
  5 rats
155 creatures vanquished.

Notes
Turn   | Place    | Note
--------------------------------------------------------------
     0 | D:1      | imganon the Demonspawn Berserker began the quest for the Orb.
     0 | D:1      | Reached XP level 1. HP: 18/18 MP: 1/1
   112 | D:1      | Reached skill level 3 in Axes
   172 | D:1      | Gained mutation: You are partially covered in thin metallic scales (AC +2). [demonic ancestry]
   172 | D:1      | Reached XP level 2. HP: 20/24 MP: 2/2
   694 | D:1      | Gained mutation: You regenerate a little health from kills. [demonic ancestry]
   694 | D:1      | Reached XP level 3. HP: 22/29 MP: 3/3
   907 | D:2      | Reached ** piety under Trog
   935 | D:2      | Reached skill level 4 in Axes
  1329 | D:2      | Reached skill level 1 in Stealth
  1329 | D:2      | Reached XP level 4. HP: 23/35 MP: 4/4
  2242 | D:3      | Reached skill level 5 in Axes
  2242 | D:3      | Gained mutation: You have a pair of small antennae on your head. [demonic ancestry]
  2242 | D:3      | Reached XP level 5. HP: 41/41 MP: 5/5
  2550 | D:3      | Reached *** piety under Trog
  2893 | D:4      | Noticed Grinder
  2900 | D:4      | Paralysed by Grinder for 2 turns
  3182 | D:4      | Paralysed by Grinder for 7 turns
  3193 | D:4      | Killed Grinder
  3193 | D:4      | Reached skill level 6 in Axes
  3193 | D:4      | Reached XP level 6. HP: 47/47 MP: 6/6
  3427 | D:4      | Reached XP level 7. HP: 35/52 MP: 7/7
  3568 | D:4      | Found a staircase to the Ecumenical Temple.
  3583 | D:4      | Noticed Natasha
  3589 | D:4      | Killed Natasha
  3589 | D:4      | Found a shadowy altar of Dithmenos.
  3759 | D:4      | Noticed Natasha
  3764 | D:4      | Reached skill level 7 in Axes
  3777 | D:4      | Killed Natasha
  3823 | D:5      | Entered Level 5 of the Dungeon
  4371 | D:5      | Found a shattered altar of Ashenzari.
  4500 | D:5      | Noticed Pikel
  4509 | D:5      | Killed Pikel
  4509 | D:5      | Reached skill level 8 in Axes
  4509 | D:5      | Reached XP level 8. HP: 58/58 MP: 8/8
  4629 | D:5      | Noticed Edmund
  4658 | D:5      | Killed Edmund
  4658 | D:5      | Reached skill level 9 in Axes
  4770 | D:6      | Found Ceduvufe's Gadget Emporium.
  5590 | D:7      | Reached **** piety under Trog
  5590 | D:7      | Reached skill level 10 in Axes
  5594 | D:7      | Received a gift from Trog
  5721 | D:7      | Reached XP level 9. HP: 38/63 MP: 9/9
  5907 | D:7      | Received a gift from Trog
  5977 | D:7      | Reached skill level 11 in Axes
  6459 | D:8      | Noticed Psyche
  6460 | D:8      | Noticed Erica
  6465 | D:8      | Killed Erica
  6466 | D:8      | Cast into level 1 of the Abyss (Psyche)
  6549 | Abyss:1  | Noticed a spatial maelstrom
  6571 | Abyss:1  | HP: 3/63 [spatial maelstrom (17)]
  6573 | Abyss:1  | Slain by a spatial maelstrom

Skill      XL: |  1  2  3  4  5  6  7  8  9 |
---------------+----------------------------+-----
Axes           | 3 4 5 6 8 10 11 | 11.9
Stealth        | 1 2 3 4 |  4.7
Fighting       | |  3.0
Armour         | |  1.7
Dodging        | |  1.7

Action                   |  1- 3 |  4- 6 |  7- 9 || total
-------------------------+-------+-------+-------++-------
Melee: Hand axe          |   123 |   231 |   201 ||   555
       War axe           |       |       |    46 ||    46
       Battleaxe         |       |       |   120 ||   120
Invok: Berserk           |       |     5 |     4 ||     9
  Use: Scroll            |       |     6 |     3 ||     9
       Potion            |       |     1 |       ||     1
 Stab: Sleeping          |     2 |       |       ||     2
  Eat: Chunk             |     1 |     2 |     8 ||    11
       Bread ration      |       |     2 |       ||     2
       Beef jerky        |       |     1 |     1 ||     2
       Fruit             |       |       |     4 ||     4
       Meat ration       |       |       |     1 ||     1
Armor: Animal skin       |    38 |    18 |       ||    56
       Ring mail         |       |    69 |    26 ||    95
       Chain mail        |       |       |    73 ||    73
       Plate armour      |       |       |     8 ||     8
Dodge: Dodged            |    93 |   138 |   201 ||   432
Block: Other             |       |       |    16 ||    16
